Map: Central Protocol

Players

ByuN

  • Race: Terran Terran

sOs - Winner!

  • Race: Protoss Protoss

Event: IEM Season 10 - Taipei

VOD

https://www.youtube.com/watch?v=oeimjvDYIaA

Description

Allin 1 base in Central Protocol
Push at 4:00 w 7 stalkers and 1 imortal

Time

  • Played on: Feb. 2, 2016, 1:57 a.m.
  • Length: 5:34

All games in this series

Show
View Real Time Build Order
Export as new Build Order

ByuN Terran 

Build Orders: Liberator Opening 

Get SALT Encoding   

  12  0:00  SCV  
  13  0:12  SCV  
  14  0:17  Supply Depot  
  14  0:24  SCV  
  15  0:39  SCV  
  15  0:40  Barracks  
  16  0:42  Refinery  
  16  0:51  SCV  
  17  1:03  SCV  
  18  1:15  SCV  
  19  1:27  Orbital Command, Barracks Reactor  
  19  1:40  Command Center  
  19  1:53  SCV  
  20  1:56  Supply Depot  
  20  2:06  Marine x2, SCV  
  23  2:13  Factory  
  23  2:18  SCV  
  24  2:24  Marine x2  
  26  2:30  SCV  
  26  2:39  Bunker  
  26  2:41  Marine  
  26  2:42  Marine, SCV  
  29  2:54  SCV  
  30  3:00  Starport  
  30  3:02  Marine  
  30  3:03  Widow Mine  
  30  3:04  Marine  
  34  3:08  SCV  
  35  3:13  Orbital Command  
  35  3:17  Refinery  
  35  3:20  SCV  
  35  3:23  Marine x2  
  38  3:33  Widow Mine  
  40  3:37  Medivac  
  40  3:39  Supply Depot  
  40  3:41  SCV x2  
  44  3:44  Marine  
  44  3:45  Marine  
  46  3:57  Supply Depot  
  46  3:59  Liberator  
  46  4:01  SCV x2  
  46  4:02  Marine  
  49  4:03  Marine  
  49  4:04  Factory Tech Lab  
  49  4:19  Marine  
  49  4:21  Marine  
  40  4:43  SCV  
  35  4:46  Siege Tank  
  32  4:55  SCV  
  22  5:07  SCV  
Show
View Real Time Build Order
Export as new Build Order

sOs Protoss - Winner!

Build Orders:  

Get SALT Encoding   

  12  0:00  Probe (Chrono Boost)  
  13  0:11  Probe (Chrono Boost)  
  14  0:17  Pylon  
  14  0:21  Probe (Chrono Boost)  
  15  0:35  Probe (Chrono Boost)  
  16  0:36  Gateway  
  16  0:41  Assimilator  
  16  0:45  Probe (Chrono Boost)  
  17  0:50  Assimilator  
  17  0:56  Probe (Chrono Boost)  
  18  1:07  Probe (Chrono Boost)  
  18  1:08  Gateway  
  19  1:17  Probe (Chrono Boost)  
  20  1:23  Cybernetics Core  
  20  1:28  Probe (Chrono Boost)  
  21  1:34  Pylon  
  21  1:38  Probe (Chrono Boost)  
  22  1:49  Probe (Chrono Boost)  
  23  1:59  Stalker x2  
  23  2:01  Warp Gate (Chrono Boost)  
  27  2:14  Pylon  
  27  2:29  Stalker x2  
  31  2:37  Robotics Facility  
  31  2:45  Gateway  
  31  3:00  Stalker  
  31  3:01  Stalker  
  35  3:14  Pylon  
  35  3:24  Immortal (Chrono Boost)  
  39  3:50  Stalker x3  
  45  3:55  Pylon  
  45  3:59  Observer (Chrono Boost)  
  43  4:17  Stalker x2  
  47  4:25  Adept  
  43  4:43  Adept x2  
  45  4:58  Stalker  
  43  5:08  Stalker x2  

Tags
 
Add a new tag
Caveats
  • Supply blocks, unpowered buildings, or Contaminate may cause inaccurate times.
  • Supply counts are checked every 10 seconds.